 Dungeon Crawl Stone Soup version 0.31-a0-750-gfe7b580527 (webtiles) character file.

Game seed: 1364118756836313330

15078 freelancePsychic the Fighter (level 12, -1/91 HPs)
             Began as a Djinni Shapeshifter on Sept 14, 2023.
             Was a High Priest of Ashenzari.
             Slain by a death yak (20 damage)
             ... on level 2 of the Lair of Beasts.
             The game lasted 00:21:53 (16952 turns).

freelancePsychic the Fighter (Djinni Shapeshifter) Turns: 16952, Time: 00:21:54

Health: -1/91      AC: 13    Str: 15    XL:     12   Next: 53%
Gold:   694        EV: 17    Int: 16    God:    Ashenzari [*****.] SH:  5 Dex: 15

rFire   + + +        G - +5 war axe of Ashenzari's Scepticism {Melee, Cun} (curse)
rCold   x . .        (no shield)
rNeg    . . .        T - +0 steam dragon scales of the Gnostic Scepticism {Elem, Bglg} (curse)
rPois   ∞            P - +0 helmet of the Stellar Sage {Alch, Fort} (curse)
rElec   +            t - scarf of Supernal Wisdom {repulsion, Bglg, Comp} (curse)
rCorr   +            C - +2 pair of gloves of Ashenzari's Failure {Dex+3, Elem, Alch} (curse)
SInv    +            (boots unavailable)
Will    +....        p - amulet "Lashed Together" {Reflect SH+5, Cun, Comp} (curse)
Stlth   ++           k - ring of Ashenzari's Sorrow {AC+4, Alch, Elem} (curse)
HPRegen 0.35/turn    b - ring of the Perceptive Sky {rElec rPois rF+ rCorr Slay+3, Elem, Dev} (curse)
MPRegen 0.00/turn

%: repel missiles, reflection, clarity, infuse magic (-2 HP)
@: flying
A: sickness immunity, fire resistance 2, cold vulnerability 1, float, innate
caster, HP casting, extra vitality 1
a: Renounce Religion, Curse Item, Shatter the Chains


You were on level 2 of the Lair of Beasts.
You worshipped Ashenzari.
Ashenzari was extremely pleased with you.
You visited 2 branches of the dungeon, and saw 13 of its levels.

You collected 694 gold pieces.

Inventory:

Hand Weapons
 G - the cursed +5 war axe of Ashenzari's Scepticism (weapon) {Melee, Cun}
   (You took it off a wight on level 7 of the Dungeon)

   It has a curse which improves the following skills: Melee Combat: Short
   Blades, Long Blades, Axes, Maces & Flails, Polearms, Staves and Unarmed
   Combat.
   Cunning:   Dodging and Stealth.
 U - a +0 demon whip of venom
Missiles
 s - 2 curare-tipped darts
Armour
 a - a +0 animal skin
 h - a scarf of shadows
 t - the cursed scarf of Supernal Wisdom (worn) {repulsion, Bglg, Comp}
   (You found it on level 3 of the Dungeon)

   It has a curse which improves the following skills: Beguiling: Conjurations,
   Hexes and Translocations.
   Companions: Summonings and Necromancy.
 C - the cursed +2 pair of gloves of Ashenzari's Failure (worn) {Dex+3, Elem, Alch}
   (You found it on level 9 of the Dungeon)

   It has a curse which improves the following skills: Elements: Fire Magic, Ice
   Magic, Air Magic and Earth Magic.
   Alchemy:   Poison Magic and Transmutations.
 P - the cursed +0 helmet of the Stellar Sage (worn) {Alch, Fort}
   (You found it on level 10 of the Dungeon)

   It has a curse which improves the following skills: Alchemy: Poison Magic and
   Transmutations.
   Fortitude: Armour and Shields.
 T - the cursed +0 steam dragon scales of the Gnostic Scepticism (worn) {Elem, Bglg}
   (You took it off Maggie on level 9 of the Dungeon)

   It has a curse which improves the following skills: Elements: Fire Magic, Ice
   Magic, Air Magic and Earth Magic.
   Beguiling: Conjurations, Hexes and Translocations.
Jewellery
 b - the cursed ring of the Perceptive Sky (right hand) {rElec rPois rF+ rCorr Slay+3, Elem, Dev}
   (You took it off a kobold brigand on level 7 of the Dungeon)

   [ring of poison resistance]

   Slay+3:    It affects your accuracy & damage with ranged weapons and melee
   (+3).
   rF+:       It protects you from fire.
   rElec:     It insulates you from electricity.
   rPois:     It protects you from poison rCorr: It protects you from acid and
   corrosion.
   It has a curse which improves the following skills: Elements: Fire Magic, Ice
   Magic, Air Magic and Earth Magic.
   Devices:   Evocations and Shapeshifting.
 j - a ring of wizardry
 k - the cursed ring of Ashenzari's Sorrow (left hand) {AC+4, Alch, Elem}
   (You found it on level 1 of the Dungeon)

   [ring of protection]

   AC+4:      It affects your AC (+4).
   It has a curse which improves the following skills: Alchemy: Poison Magic and
   Transmutations.
   Elements:  Fire Magic, Ice Magic, Air Magic and Earth Magic.
 l - a ring of wizardry
 p - the cursed amulet "Lashed Together" (around neck) {Reflect SH+5, Cun, Comp}
   (You found it on level 2 of the Dungeon)

   [amulet of reflection]

   Reflect:   It reflects blocked missile attacks.
   SH+5:      It affects your SH (+5).
   It has a curse which improves the following skills: Cunning: Dodging and
   Stealth.
   Companions: Summonings and Necromancy.
 w - an amulet of regeneration
 B - a ring of positive energy
 S - an amulet of the acrobat
Talismans
 c - a beast talisman
 d - a flux talisman
Wands
 r - a wand of roots (16)
 u - a wand of polymorph (5)
 x - a wand of flame (30)
 D - a wand of charming (12)
 N - a wand of mindburst (14)
Scrolls
 e - 2 scrolls of immolation
 i - 2 scrolls of torment
 q - a scroll of teleportation {@r4}
 y - a scroll of enchant weapon
 z - 2 scrolls of revelation
 A - 2 scrolls of amnesia
 E - 2 scrolls of vulnerability
 H - a scroll of enchant armour
 J - a scroll of noise
 K - a scroll of fog
 R - a scroll of silence
Potions
 f - 7 potions of curing {@q1}
 g - 2 potions of resistance
 m - a potion of ambrosia
 n - a potion of magic
 o - a potion of enlightenment
 v - 3 potions of brilliance
 F - a potion of attraction
 I - a potion of mutation
 L - 2 potions of cancellation
 M - a potion of berserk rage
 Q - 2 potions of lignification


   Skills:
 + Level 10.0 Fighting
 - Level 9.5(11.8) Axes
 * Level 2.7(7.6) Maces & Flails
 - Level 6.5(9.7) Dodging
 - Level 3.0(4.8) Unarmed Combat
 * Level 8.0 Spellcasting
 * Level 8.0(11.2) Conjurations
 * Level 8.0(11.2) Hexes
   Level 0.0 Charms
 * Level 8.0(11.2) Summonings
 * Level 8.0(11.2) Necromancy
 * Level 8.0(11.2) Translocations
 * Level 8.0(12.2) Transmutations
 * Level 8.0(13.0) Fire Magic
 * Level 8.0(13.0) Ice Magic
 * Level 8.0(13.0) Air Magic
 * Level 8.0(13.0) Earth Magic
 * Level 8.0(12.2) Poison Magic
 - Level 2.6(4.4) Shapeshifting


You knew the following spells:

 Your Spells              Type           Power      Damage    Failure   Level
a - Magic Dart            Conj           100%       1d8       1%          1
b - Momentum Strike       Conj/Tloc      84%        3d10      1%          2
c - Scorch                Fire           96%        2d9       1%          2
d - Animate Dead          Necr           42%        N/A       1%          4
e - Fireball              Conj/Fire      22%        3d10      1%          5
Your spell library was empty.

Dungeon Overview and Level Annotations

Branches:
Dungeon (11/15)            Temple (0/1) D:7            Lair (2/5) D:8
  Snake (0/4) Lair:2
  Swamp: Lair:2-3    Shoals: Lair:2-3       Orc: D:9-12

Altars:
Ashenzari
Cheibriados
Dithmenos
Elyvilon
Nemelex Xobeh
Okawaru
Qazlal
Uskayaw
Wu Jian
Xom
Yredelemnul
Zin
The Shining One

Shops:
D:1 *   D:6 (

Annotations:
D:4 1 runed translucent door, randomguy2701's ghost, amateur HuFi
D:6 3 runed translucent doors, cforsyth's ghost, novice DjDe


Innate Abilities, Weirdness & Mutations

You are immune to sickness and miasma.
You are immune to poison.
Your flesh is very heat resistant. (rF++)
You are vulnerable to cold. (rC-)
You float through the air rather than walking.
You learn spells naturally, not from books.
Your magical power is your life essence.
You have superior vitality. (+4 MHP)


Message History

Your base Fire Magic skill increases to level 8!
Your base Ice Magic skill increases to level 8!
Your base Air Magic skill increases to level 8!
Your base Earth Magic skill increases to level 8!
Your base Poison Magic skill increases to level 8!
The death yak is engulfed in blazing flames.
Flame seeps out of the death yak.
The death yak attacks as it pursues you!
You block the death yak's attack.
You feel much better.
The death yak is engulfed in blazing flames.
Flame seeps out of the death yak.
The death yak gores you but does no damage.
You hit the death yak but do no damage.
The death yak is heavily wounded.
The death yak is engulfed in blazing flames.
Flame seeps out of the death yak.
The wolf howls!
You hit the death yak.
Flame seeps out of the death yak.
The death yak is heavily wounded.
You hit the death yak but do no damage.
The death yak is engulfed in blazing flames.
Flame seeps out of the death yak.
The death yak gores you!
The death yak is engulfed in blazing flames.
Flame seeps out of the death yak.
The death yak misses you.
You completely miss the death yak.
The death yak is heavily wounded.
You barely miss the death yak. You hit the wolf. The wolf misses you.
The death yak is engulfed in blazing flames.
Flame seeps out of the death yak.
The death yak gores you!
The death yak is engulfed in blazing flames.
Flame seeps out of the death yak.
The death yak gores you!
* * * LOW HITPOINT WARNING * * *
The wolf barely misses you.
You hit the death yak but do no damage.
The death yak is severely wounded.
You completely miss the death yak. You miss the wolf.
The wolf barely misses you. The death yak barely misses you.
The death yak gores you!!
You die...

### #### ##.### ###*##
.#P######.##.############.##.####
...............h@Y§..............
..#..#####.....##Y##..##.....#..,
..#### #.....P#########...#.#..
..########.....##,******#........
...##..+.+.....##*,,,,*,#........
..+.+...#.......#*,∆,,,*.........
...##....'.....##,,,,,#.#Y..#....
...###..##.....#**,,,,.....##....
..###P.##......# *,**#.*...#*,...


You could see 2 death yaks and a wolf.

Vanquished Creatures
  The ghost of Jingleheimer the Grappler, a novice TrSh of Uskayaw (D:9)
  2 death yaks (Lair:2)
  Amaemon (Lair:2)
  An ugly thing (D:11)
  A cane toad (Lair:1)
  An orange demon (Lair:2)
  Maggie (D:9)
  A gargoyle (D:11)
  2 komodo dragons (Lair:1)
  A hornet (D:10)
  3 wyverns
  A wraith (D:11)
  Eustachio (D:5)
  A basilisk (Lair:2)
  24 yaks
  4 vampire mosquitoes (D:11)
  A steam dragon (D:9)
  A warg (D:9)
  Menkaure (D:5)
  3 water moccasins
  8 orc warriors
  A sky beast (D:7)
  2 black bears
  3 ogres
  3 centaurs
  A wolf (Lair:2)
  A phantom (D:5)
  2 kobold brigands
  9 bullfrogs
  2 gnoll sergeants
  3 scorpions
  5 wights
  9 killer bees
  3 howler monkeys
  4 electric eels (Lair:1)
  2 hounds
  A jelly (D:6)
  5 orc priests
  2 sleepcaps
  2 iguanas
  9 orc wizards
  13 gnolls
  4 adders
  3 shadow imps
  An ufetubus (D:6)
  A worm (D:3)
  3 dart slugs
  41 orcs
  10 bats
  3 endoplasms
  5 giant cockroaches
  11 goblins
  6 hobgoblins
  21 kobolds
  6 quokkas
  7 ball pythons
  A frilled lizard (D:1)
  8 rats
273 creatures vanquished.

Vanquished Creatures (collateral kills)
  A troll (D:9)
  2 yaks (D:8)
3 creatures vanquished.

Vanquished Creatures (others)
  A yak (D:8)
  A killer bee (D:9)
  A yak zombie (D:8)
  An orc wizard (D:6)
  3 gnoll zombies (D:8)
7 creatures vanquished.

Grand Total: 283 creatures vanquished

Notes
Turn   | Place    | Note
-------+----------+-------------------------------------------
     0 | D:1      | freelancePsychic the Djinni Shapeshifter began the quest
                  | for the Orb.
     0 | D:1      | Reached XP level 1. HP: 17/17 MP: 0/0
   102 | D:1      | Reached skill level 1 in Spellcasting
   102 | D:1      | Reached skill level 1 in Conjurations
   102 | D:1      | Reached skill level 1 in Hexes
   102 | D:1      | Reached skill level 1 in Summonings
   102 | D:1      | Reached skill level 1 in Necromancy
   102 | D:1      | Reached skill level 1 in Translocations
   102 | D:1      | Reached skill level 1 in Transmutations
   102 | D:1      | Reached skill level 1 in Fire Magic
   102 | D:1      | Reached skill level 1 in Ice Magic
   102 | D:1      | Reached skill level 1 in Air Magic
   102 | D:1      | Reached skill level 1 in Earth Magic
   102 | D:1      | Reached skill level 1 in Poison Magic
   102 | D:1      | Reached XP level 2. HP: 22/22 MP: 0/0
   176 | D:1      | Found Ireics's General Store.
   348 | D:1      | Reached XP level 3. HP: 22/27 MP: 0/0
   348 | D:1      | Learned a level 1 spell: Magic Dart
   421 | D:1      | Reached skill level 1 in Axes
   964 | D:2      | Reached XP level 4. HP: 17/33 MP: 0/0
  1160 | D:2      | Reached skill level 2 in Fighting
  1248 | D:2      | Found a faded altar of an unknown god.
  1766 | D:3      | Found a stormy altar of Qazlal.
  1982 | D:3      | Reached XP level 5. HP: 36/38 MP: 0/0
  1982 | D:3      | Learned a level 2 spell: Momentum Strike
  2168 | D:3      | Identified the +10 short sword "Denwuch" {antimagic, rPois
                  | rN+}
  2763 | D:4      | Noticed an ogre
  2788 | D:4      | Killed an ogre
  2789 | D:4      | Reached skill level 3 in Fighting
  2789 | D:4      | Reached XP level 6. HP: 46/46 MP: 0/0
  2961 | D:4      | Found a runed translucent door.
  3283 | D:4      | Noticed a black bear
  3295 | D:4      | Killed a black bear
  3296 | D:4      | Reached XP level 7. HP: 43/51 MP: 0/0
  3296 | D:4      | Learned a level 2 spell: Scorch
  3363 | D:4      | Noticed randomguy2701's ghost (amateur HuFi)
  3376 | D:5      | Entered Level 5 of the Dungeon
  3392 | D:5      | Noticed Eustachio
  3634 | D:5      | Killed Eustachio
  3635 | D:5      | Reached skill level 4 in Fighting
  3826 | D:5      | Noticed Menkaure
  3833 | D:5      | Killed Menkaure
  3834 | D:5      | Reached skill level 5 in Axes
  3947 | D:5      | Reached XP level 8. HP: 43/58 MP: 0/0
  4201 | D:5      | Found a shadowy altar of Dithmenos.
  4915 | D:6      | Reached skill level 5 in Fighting
  5057 | D:6      | Found a broken altar of Ashenzari.
  5097 | D:6      | Became a worshipper of Ashenzari the Shackled
  5183 | D:6      | Found Yvuijes's Weapon Emporium.
  5209 | D:6      | Found a hide-covered altar of Uskayaw.
  5216 | D:6      | Found a snail-covered altar of Cheibriados.
  5216 | D:6      | Found a shimmering altar of Xom.
  5427 | D:6      | Found a basalt altar of Yredelemnul.
  5513 | D:6      | Found a runed translucent gate.
  5513 | D:6      | Found a runed translucent gate.
  5513 | D:6      | Found a runed translucent gate.
  5515 | D:6      | Noticed cforsyth's ghost (novice DjDe)
  5516 | D:6      | Noticed a kobold demonologist
  5810 | D:7      | Reached XP level 9. HP: 29/65 MP: 0/0
  5810 | D:7      | Learned a level 4 spell: Animate Dead
  6440 | D:7      | Identified the ring "Noveot" {rElec rPois rF+ rCorr Slay+3}
  6642 | D:7      | Reached skill level 6 in Fighting
  6712 | D:7      | Found a sparkling altar of Nemelex Xobeh.
  7009 | D:7      | Found a staircase to the Ecumenical Temple.
  7112 | D:7      | Found a glowing silver altar of Zin.
  7112 | D:7      | Found a white marble altar of Elyvilon.
  7112 | D:7      | Found a glowing golden altar of the Shining One.
  7153 | D:7      | Reached * piety under Ashenzari
  7597 | D:8      | Found an ornate altar of the Wu Jian Council.
  7606 | D:8      | Reached ** piety under Ashenzari
  8489 | D:8      | Reached XP level 10. HP: 35/73 MP: 0/0
  8636 | D:8      | Found a staircase to the Lair.
  8759 | D:8      | Reached skill level 7 in Fighting
  9149 | D:8      | Reached *** piety under Ashenzari
  9870 | D:9      | Noticed Maggie
  9892 | D:9      | HP: 1/75 [troll (11)]
  9907 | D:9      | Killed Maggie
 10882 | D:9      | Found a runed translucent gate.
 10882 | D:9      | Noticed Jingleheimer's ghost (novice TrSh)
 10883 | D:9      | Found a runed translucent gate.
 10884 | D:9      | Found a runed translucent gate.
 11527 | D:10     | Entered Level 10 of the Dungeon
 11561 | D:10     | Reached skill level 8 in Fighting
 11571 | D:10     | Reached skill level 5 in Spellcasting
 11571 | D:10     | Reached skill level 5 in Conjurations
 11571 | D:10     | Reached skill level 5 in Hexes
 11571 | D:10     | Reached skill level 5 in Summonings
 11571 | D:10     | Reached skill level 5 in Necromancy
 11571 | D:10     | Reached skill level 5 in Translocations
 11571 | D:10     | Reached skill level 5 in Transmutations
 11571 | D:10     | Reached skill level 5 in Fire Magic
 11571 | D:10     | Reached skill level 5 in Ice Magic
 11571 | D:10     | Reached skill level 5 in Air Magic
 11571 | D:10     | Reached skill level 5 in Earth Magic
 11571 | D:10     | Reached skill level 5 in Poison Magic
 11581 | D:10     | Reached XP level 11. HP: 18/81 MP: 0/0
 11581 | D:10     | Learned a level 5 spell: Fireball
 11935 | D:10     | Reached **** piety under Ashenzari
 12014 | D:10     | Found an iron altar of Okawaru.
 12519 | D:9      | Killed Jingleheimer's ghost
 12604 | D:9      | Reached ***** piety under Ashenzari
 13364 | D:11     | Reached skill level 9 in Fighting
 13368 | D:11     | Reached skill level 5 in Dodging
 13824 | D:11     | Noticed a white ugly thing
 13830 | D:11     | Killed a white ugly thing
 14359 | Lair:1   | Entered Level 1 of the Lair of Beasts
 15711 | Lair:2   | Reached XP level 12. HP: 52/90 MP: 0/0
 16047 | Lair:2   | Noticed Amaemon
 16055 | Lair:2   | Noticed a skyshark
 16063 | Lair:2   | Killed Amaemon
 16391 | Lair:2   | Noticed a death yak
 16393 | Lair:2   | Noticed a death yak
 16394 | Lair:2   | Noticed a death yak
 16395 | Lair:2   | Noticed a death yak
 16623 | Lair:2   | Reached skill level 1 in Maces & Flails
 16866 | Lair:2   | Killed a death yak
 16867 | Lair:2   | Reached skill level 10 in Fighting
 16946 | Lair:2   | Killed a death yak
 16952 | Lair:2   | Slain by a death yak

Illustrated notes

Levels and vault maps discovered:
D:1:      psy_arrival_radial01, layout_rooms, serial_shops, shop,
          minmay_tree_intersection, dk_noncrumbling_4
D:2:      layout_basic, ebering_ecumenical_altar_hall
D:3:      layout_loops_ring, nicolae_qazlal_eye_of_the_storm,
          minmay_quadrilaterals
D:4:      layout_gridville, ebering_ghost_reflecting_pool
D:5:      layout_basic, mainiacjoe_overflow_catwalk, uniq_menkaure,
          uniq_eustachio
D:6:      layout_rooms, kennysheep_orc_sif_temple, yredelemnul_altar_generic,
          nicolae_ashenzari_skybound, grunt_temple_overflow_open,
          gammafunk_ghost_nasty_kobolds, serial_shops, shop_statue
D:7:      layout_loops_ring, good_gods_mini_temple,
          mainiacjoe_overflow_cross_hatched, minmay_temple_entry_from_below_a,
          serial_glass, glass_columns_b, glass_columns_b, glass_columns_a,
          glass_columns_b, glass_columns_a, glass_columns_a, glass_columns_b,
          glass_columns_a, glass_columns_a, glass_columns_b,
          grunt_decor_one_mirror
D:8:      layout_basic, nzn_wu_jian_council_hall, lair_entry_dummy,
          kennysheep_generic_room_16
D:9:      layout_layer_cave, biasface_ghost_orc_armoury, nicolae_two_hexagons,
          uniq_maggie
D:10:     layout_long_grid, lemuel_round_altar
D:11:     layout_roguey
Lair:1:   layout_chaotic_city, serial_bayou, serial_bayou_pond_a,
          serial_bayou_shore_a, serial_bayou_ford_a, serial_bayou_lagoon_b,
          grunt_forest_stairs_basic, serial_bayou_lagoon_a,
          nicolae_lair_grove_arrangements
Lair:2:   layout_regular_city, nicolae_snake_entry_squirm, uniq_amaemon

Skill      XL: |  1  2  3  4  5  6  7  8  9 10 11 12 |
---------------+-------------------------------------+-----
Spellcasting   | 1 2 3 5 7 8 |  8.0
Conjurations   | 1 2 3 5 7 8 |  8.0
Hexes          | 1 2 3 5 7 8 |  8.0
Summonings     | 1 2 3 5 7 8 |  8.0
Necromancy     | 1 2 3 5 7 8 |  8.0
Translocations | 1 2 3 5 7 8 |  8.0
Transmutations | 1 2 3 5 7 8 |  8.0
Fire Magic     | 1 2 3 5 7 8 |  8.0
Ice Magic      | 1 2 3 5 7 8 |  8.0
Air Magic      | 1 2 3 5 7 8 |  8.0
Earth Magic    | 1 2 3 5 7 8 |  8.0
Poison Magic   | 1 2 3 5 7 8 |  8.0
Axes           | 1 2 3 4 5 6 8 9 |  9.5
Fighting       | 2 3 4 5 6 8 9 10 | 10.0
Dodging        | 3 5 6 |  6.5
Maces & Flails | 2 |  2.7
Unarmed Combat | |  3.0
Shapeshifting  | |  2.6

Action                     |  1- 3 |  4- 6 |  7- 9 | 10-12 || total
---------------------------+-------+-------+-------+-------++-------
  Melee: Unarmed           |    60 |       |       |       ||    60
         Punch             |     5 |     6 |     9 |    11 ||    31
         Hand axe          |    47 |   218 |   176 |       ||   441
         War axe           |       |       |    95 |   155 ||   250
  Throw: Dart              |       |     4 |     6 |       ||    10
   Cast: Scorch            |       |       |    71 |    66 ||   137
         Momentum Strike   |       |       |     2 |       ||     2
         Animate Dead      |       |       |     1 |     1 ||     2
         Fireball          |       |       |       |    96 ||    96
 Invoke: Curse Item        |       |       |     3 |     5 ||     8
Ability: Begin Untransform |       |     1 |       |       ||     1
  Evoke: Wand              |       |       |     5 |     4 ||     9
    Use: Scroll            |       |     2 |     7 |     9 ||    18
         Potion            |       |       |     2 |     9 ||    11
   Stab: Sleeping          |     1 |     1 |       |       ||     2
         Invisible         |       |       |       |     2 ||     2
 Armour: Animal skin       |    80 |   102 |   245 |   132 ||   559
         Skin              |       |       |     4 |       ||     4
         Steam dragon scal |       |       |       |    31 ||    31
  Dodge: Dodged            |    85 |   110 |   215 |   149 ||   559
         Repelled          |       |     1 |     1 |     2 ||     4
  Block: Other             |       |    46 |    83 |    63 ||   192
         Reflection        |       |     2 |     5 |     1 ||     8

Table legend: (Time is in decaauts)
 A = Elapsed time spent in this place.
 B = Non-inter-level travel time spent in this place.
 C = Inter-level travel time spent in this place.
 D = Time resting spent in this place.
 E = Time spent auto-exploring this place.
 F = Levels seen in this place.
 G = Mean time per level.
                   A        B        C        D        E       F      G
               +--------+--------+--------+--------+--------+-----+--------+
         Total |  17114 |  16373 |    741 |   1684 |  12232 |  13 | 1316.5 |
       Dungeon |  14612 |  13954 |    658 |   1536 |  10169 |  11 | 1328.4 |
          Lair |   2501 |   2419 |     82 |    148 |   2063 |   2 | 1250.5 |
               +--------+--------+--------+--------+--------+-----+--------+

Top non-repeatable levels by time:
     D:8: 2238 daAuts
     D:9: 2172 daAuts
     D:7: 1489 daAuts
     D:6: 1413 daAuts
  Lair:1: 1394 daAuts
     D:5: 1334 daAuts
    D:10: 1329 daAuts
  Lair:2: 1107 daAuts
    D:11: 1059 daAuts
     D:2: 1056 daAuts
     D:3: 914 daAuts
     D:4: 879 daAuts
     D:1: 726 daAuts
